 Dungeon Crawl Stone Soup version 0.31-a0-851-g7ff8af7976 (webtiles) character file.

Game seed: 2847904538749212789

2413159 Charly the Slayer (level 27, 171/171 HPs)
             Began as a Vine Stalker Brigand on Oct 5, 2023.
             Was an Initiate of Gozag.
             Escaped with the Orb
             ... and 4 runes on Oct 6, 2023!
             The game lasted 03:29:52 (67764 turns).

Charly the Slayer (Vine Stalker Brigand)           Turns: 67764, Time: 03:29:53

Health: 171/171    AC: 25    Str: 23    XL:     27
Magic:  55/55      EV: 24    Int: 14    God:    Gozag
Gold:   3990       SH: 38    Dex: 35    Spells: 53/62 levels left

rFire   + + .        O - +9 quick blade (protect)
rCold   + + +        F - +10 tower shield of Ignorance {rN+ Int-4}
rNeg    + + +        X - +8 chain mail "Cet Huin" {Contam rN+++ Int+3 Slay+5}
rPois   +            j - -2 hat of the Alchemist {rElec rPois rF+ rC+ rN+ Will+ rMut rCorr}
rElec   +            n - scarf of the Harvest {shadows, Rampage rC+ Stlth+}
rCorr   +            b - +1 pair of gloves of Shrieking Wonder {rF+ Int+4 Dex+3}
SInv    +            S - +2 pair of boots {Fly}
Will    ++++.        H - amulet "Vuoge" {Acrobat Dex+5 SInv Stlth+}
Stlth   +++          R - ring "Bohec" {rC+ Str+6 Slay+2}
HPRegen 1.28/turn    g - ring "Ixuluth" {MP+9 Slay+3}
MPRegen 0.34/turn

%: acrobat, clarity, resist mutation, guardian spirit, rampage
@: flying, studying 6 skills, bribing [the Dungeon]
A: fangs 3, regeneration 1, magic shield, antimagic bite, no potion heal 2,
clarity
0: Orb of Zot
}: 4/15 runes: barnacled, slimy, silver, gossamer
a: Renounce Religion, Potion Petition, Call Merchant, Bribe Branch


You escaped.
You worshipped Gozag.
Gozag was most pleased with you.
You visited 12 branches of the dungeon, and saw 56 of its levels.
You also visited: Ice Cave and Volcano.

You collected 33070 gold pieces.
You spent 9487 gold pieces at shops.
You paid 19593 gold pieces to Gozag.

Inventory:

Hand Weapons
 O - a +9 quick blade of protection (weapon)
Missiles
 a - 12 atropa-tipped darts
 c - 8 curare-tipped darts (quivered)
 v - 12 throwing nets
 K - 10 datura-tipped darts
Armour
 b - the +1 pair of gloves of Shrieking Wonder (worn) {rF+ Int+4 Dex+3}
   (You found it on level 4 of the Spider Nest)

   Int+4:     It affects your intelligence (+4).
   Dex+3:     It affects your dexterity (+3).
   rF+:       It protects you from fire.
 j - the -2 hat of the Alchemist (worn) {rElec rPois rF+ rC+ rN+ Will+ rMut rCorr}
   (You bought it in a shop on level 3 of the Elven Halls)

   rF+:       It protects you from fire.
   rC+:       It protects you from cold.
   rElec:     It insulates you from electricity.
   rPois:     It protects you from poison rN+: It protects you from negative
   energy.
   Will+:     It increases your willpower.
   rCorr:     It protects you from acid and corrosion.
   rMut:      It protects you from mutation.
 n - the scarf of the Harvest (worn) {shadows, Rampage rC+ Stlth+}
   (You acquired it on level 3 of the Crypt)

   rC+:       It protects you from cold.
   Rampage:   It bestows one free step when moving towards enemies.
   Stlth+:    It makes you more stealthy.
 F - the +10 tower shield of Ignorance (worn) {rN+ Int-4}
   (You took it off Louise on level 1 of the Depths)

   Int-4:     It affects your intelligence (-4).
   rN+:       It protects you from negative energy.
 S - a +2 pair of boots of flying (worn)
 X - the +8 chain mail "Cet Huin" (worn) {Contam rN+++ Int+3 Slay+5}
   (You found it on level 2 of the Depths)

   Int+3:     It affects your intelligence (+3).
   Slay+5:    It affects your accuracy & damage with ranged weapons and melee
   (+5).
   rN+++:     It renders you almost immune to negative energy.
   Contam:    It causes magical contamination when unequipped.
Jewellery
 f - the ring of Doheah {rF+ Str+4 Int+6 Stlth+}
   (You took it off a yaktaur captain on level 5 of the Vaults)

   [ring of intelligence]

   Str+4:     It affects your strength (+4).
   Int+6:     It affects your intelligence (+6).
   rF+:       It protects you from fire.
   Stlth+:    It makes you more stealthy.
 g - the ring "Ixuluth" (right hand) {MP+9 Slay+3}
   (You found it on level 3 of the Vaults)

   [ring of magical power]

   Slay+3:    It affects your accuracy & damage with ranged weapons and melee
   (+3).
   MP+9:      It affects your magic capacity (+9).
 p - the macabre finger necklace {Finger+ rN+}
   (You took it off an ironbound preserver on level 5 of the Vaults)

   [amulet of nothing]

   Finger+:   It enables you to equip an extra ring.
   rN+:       It protects you from negative energy.
 H - the amulet "Vuoge" (around neck) {Acrobat Dex+5 SInv Stlth+}
   (You took it off a fire giant on level 2 of the Depths)

   [amulet of the acrobat]

   Acrobat:   It increases your evasion while moving and waiting.
   Dex+5:     It affects your dexterity (+5).
   SInv:      It lets you see invisible.
   Stlth+:    It makes you more stealthy.
 R - the ring "Bohec" (left hand) {rC+ Str+6 Slay+2}
   (You bought it in a shop on level 9 of the Dungeon)

   [ring of strength]

   Str+6:     It affects your strength (+6).
   Slay+2:    It affects your accuracy & damage with ranged weapons and melee
   (+2).
   rC+:       It protects you from cold.
 Z - the amulet "Ygiqoj" {Acrobat Will- rCorr Slay+3}
   (You bought it in a shop on level 9 of the Dungeon)

   [amulet of the acrobat]

   Acrobat:   It increases your evasion while moving and waiting.
   Slay+3:    It affects your accuracy & damage with ranged weapons and melee
   (+3).
   Will-:     It decreases your willpower.
   rCorr:     It protects you from acid and corrosion.
Wands
 w - a wand of mindburst (24)
 z - a wand of digging (22)
 E - a wand of charming (46)
 G - a wand of quicksilver (48)
 P - a wand of roots (48)
Scrolls
 d - 11 scrolls of poison
 i - 8 scrolls of vulnerability
 k - 9 scrolls of fear
 r - 9 scrolls of immolation
 u - 27 scrolls of teleportation
 x - 8 scrolls of revelation
 y - 4 scrolls of butterflies
 A - 7 scrolls of blinking
 C - 8 scrolls of fog
 D - 13 scrolls of enchant weapon
 J - 2 scrolls of silence
 V - a scroll of brand weapon
 W - 4 scrolls of enchant armour
Potions
 e - 4 potions of cancellation
 h - 8 potions of lignification
 o - 12 potions of mutation
 q - 8 potions of might
 s - 7 potions of ambrosia
 t - 14 potions of enlightenment
 B - 7 potions of magic
 I - 8 potions of resistance
 L - 18 potions of curing
 N - 7 potions of invisibility
 Q - 5 potions of berserk rage
 U - 2 potions of haste
Miscellaneous
 l - a lightning rod (4/4)
 m - a phial of floods
 M - a phantom mirror
 T - a box of beasts
 Y - a condenser vane


   Skills:
 * Level 26.2 Fighting
 - Level 14.0 Short Blades
 - Level 1.7 Throwing
 + Level 13.7 Armour
 + Level 14.7 Dodging
 - Level 19.4 Stealth
 + Level 21.5 Shields
 + Level 18.2 Spellcasting
 - Level 6.0 Translocations
 - Level 9.0 Transmutations
 - Level 15.0 Evocations


You had 53 spell levels left.
You knew the following spells:

 Your Spells              Type           Power      Damage    Failure   Level
a - Apportation           Tloc           58%        N/A       2%          1
b - Blink                 Tloc           58%        N/A       3%          2
l - Lesser Beckoning      Tloc           58%        N/A       3%          2
p - Passwall              Tmut/Erth      20%        N/A       6%          2
z - Wereblood             Tmut           37%        N/A       1%          2

Your spell library contained the following spells:

 Spells                   Type           Power      Damage    Failure   Level
 Sting                    Tmut/Pois      100%       1d8       4%          1
 Gell's Gravitas          Tloc           29%        N/A       7%          3
 Teleport Other           Tloc           29%        N/A       7%          3
 Momentum Strike          Conj/Tloc      42%        3d9       12%         2
 Manifold Assault         Tloc           29%        N/A       22%         4
 Ignite Poison            Fire/Tmut/Pois 21%        N/A       24%         3
 Volatile Blastmotes      Fire/Tloc      42%        2d13      24%         3
 Foxfire                  Conj/Fire      48%        2x1d6     26%         1
 Kiss of Death            Conj/Necr      48%        2d9       26%         1
 Magic Dart               Conj           48%        1d5       26%         1
 Necrotise                Necr           48%        1d6       26%         1
 Shock                    Conj/Air       48%        1d6       26%         1
 Summon Small Mammal      Summ           48%        N/A       26%         1
 Call Imp                 Summ           24%        N/A       38%         2
 Cigotuvi's Dreadful Rot  Necr/Pois/Air  24%        N/A       38%         2
 Ensorcelled Hibernation  Hex/Ice        24%        N/A       38%         2
 Poisonous Vapours        Pois/Air       24%        N/A       38%         2
 Searing Ray              Conj           24%        2d5       38%         2
 Static Discharge         Conj/Air       24%        2-3/arc   38%         2
 Sublimation of Blood     Necr           12%        N/A       38%         2
 Petrify                  Tmut/Erth      25%        N/A       38%         4
 Dimensional Bullseye     Hex/Tloc       10%        N/A       61%         4
 Iskenderun's Mystic Bla  Conj/Tloc      21%        2d6       61%         4
 Vhi's Electric Charge    Tloc/Air       42%        N/A       61%         4
 Call Canine Familiar     Summ           12%        N/A       63%         3
 Dazzling Flash           Conj/Hex       24%        N/A       63%         3
 Hailstorm                Conj/Ice       12%        3d5       63%         3
 Inner Flame              Hex/Fire       12%        N/A       63%         3
 Mephitic Cloud           Conj/Pois/Air  12%        N/A       63%         3
 Ozocubu's Armour         Ice            12%        N/A       63%         3
 Sigil of Binding         Hex            12%        N/A       63%         3
 Swiftness                Air            12%        N/A       63%         3
 Vampiric Draining        Necr           12%        2d6       63%         3
 Alistair's Intoxication  Tmut/Pois      16%        N/A       75%         5
 Irradiate                Conj/Tmut      12%        3d15      75%         5
 Summon Forest            Summ/Tloc      10%        N/A       91%         5
 Airstrike                Air            6%         2d(1-17)  95%         4
 Anguish                  Hex/Necr       6%         N/A       95%         4
 Animate Armour           Summ/Erth      24%        N/A       95%         4
 Brom's Barrelling Bould  Conj/Erth      12%        2d4       95%         4
 Cause Fear               Hex            6%         N/A       95%         4
 Dispel Undead            Necr           12%        3d9       95%         4
 Flame Wave               Conj/Fire      12%        2d6       95%         4
 Fulminant Prism          Conj/Hex       6%         3d7       95%         4
 Leda's Liquefaction      Hex/Erth       6%         N/A       95%         4
 Olgreb's Toxic Radiance  Pois           12%        N/A       95%         4
 Sticky Flame             Conj/Fire      12%        2d4       95%         4
 Summon Ice Beast         Ice/Summ       12%        N/A       95%         4
 Summon Lightning Spire   Summ/Air       12%        N/A       95%         4
 Dispersal                Tloc           14%        N/A       98%         6
 Arcjolt                  Conj/Air       6%         1d16      100%        5
 Borgnjor's Vile Clutch   Necr/Erth      6%         N/A       100%        5
 Fireball                 Conj/Fire      6%         3d5       100%        5
 Freezing Cloud           Conj/Ice/Air   6%         6-21      100%        5
 Iskenderun's Battlesphe  Conj           12%        2d7       100%        5
 Lee's Rapid Deconstruct  Erth           6%         3d6*      100%        5
 Summon Mana Viper        Hex/Summ       12%        N/A       100%        5
 Bombard                  Conj/Erth      6%         9d2       100%        6
 Conjure Ball Lightning   Conj/Air       6%         3x3d6     100%        6
 Death Channel            Necr           6%         N/A       100%        6
 Eringya's Noxious Bog    Tmut/Pois      12%        4d6       100%        6
 Plasma Beam              Fire/Air       6%         2x1d16    100%        6
 Starburst                Conj/Fire      6%         6d4       100%        6
 Enfeeble                 Hex            6%         N/A       100%        7
 Haunt                    Necr/Summ      6%         N/A       100%        7
 Malign Gateway           Summ/Tloc      10%        N/A       100%        7
 Monstrous Menagerie      Summ           6%         N/A       100%        7
 Orb of Destruction       Conj           6%         9d6       100%        7
 Ozocubu's Refrigeration  Ice            6%         4d8       100%        7
 Borgnjor's Revivificati  Necr           6%         N/A       100%        8
 Disjunction              Tloc           14%        N/A       100%        8
 Ignition                 Fire           6%         3d4       100%        8
 Maxwell's Capacitive Co  Air            6%         ∞         100%        8
 Summon Horrible Things   Summ           6%         N/A       100%        8
 Death's Door             Necr           6%         N/A       100%        9
 Fire Storm               Conj/Fire      6%         8d2       100%        9
 Polar Vortex             Ice            6%         N/A       100%        9
 Animate Dead             Necr           Unusable   N/A       N/A         4
 Simulacrum               Ice/Necr       Unusable   N/A       N/A         6

Dungeon Overview and Level Annotations

Branches:
Dungeon (15/15)            Temple (1/1) D:5            Lair (5/5) D:9
 Shoals (4/4) Lair:3       Spider (4/4) Lair:3        Slime (5/5) Lair:4
    Orc (2/2) D:10            Elf (3/3) Orc:2        Vaults (5/5) D:14
  Crypt (3/3) Vaults:3       Tomb (0/3) Crypt:3      Depths (4/4) D:15
    Zot (5/5) Depths:4      IceCv (visited)         Volcano (visited)

Altars:
Ashenzari
Cheibriados
Elyvilon
Fedhas
Gozag
Hepliaklqana
Kikubaaqudgha
Makhleb
Nemelex Xobeh
Okawaru
Qazlal
Ru
Sif Muna
Trog
Uskayaw
Vehumet
Wu Jian
Xom
Yredelemnul
Zin
Jiyva

Shops:
D:2 [   D:4 (   D:5 (   D:6 =   D:7 (   D:9 =   D:10 [   Orc:1 (   Orc:2 [!(*
Elf:1 *   Elf:2 (   Elf:3 [   Lair:1 [   Lair:3 [[   Lair:4 [   Lair:5 [[
Shoals:3 :   Spider:3 !   Vaults:3 (   Vaults:5 *   Depths:1 (   Depths:2 (
Depths:4 (

Portals:
Hell: Depths:1 Depths:2 Depths:3 Depths:4
Abyss: Depths:1 Depths:3
Pandemonium: Depths:2
Ziggurat: Depths:1

Annotations:
Lair:1 1 runed translucent door, Pi314's ghost, journeyman DrSh
Elf:1 1 runed translucent door


Innate Abilities, Weirdness & Mutations

You have razor-sharp teeth.
Your natural rate of healing is unusually fast.
When hurt, damage is shared between your health and your magic reserves.
Your bite disrupts and absorbs the magic of your enemies.
Potions cannot restore your health.
You possess an exceptional clarity of mind.


Message History

No target in view!
No target in view!
No target in view!
You see here a +2 orcbow of draining.
The glowing orange brain stares, then turns away, jangling a coin purse.
A glowing orange brain comes into view.
No target in view!
No target in view!
There is a stone staircase leading up here.
You fly upwards.
There is a stone staircase leading down here.
Items here: ))) [.
There is a stone staircase leading up here.
You fly upwards.
There is a stone staircase leading down here.
You see here a +0 dagger.
There is a stone staircase leading up here.
You fly upwards.
There is a stone staircase leading down here.
There is an open door here.
There is an open door here.
There is a stone staircase leading up here.
You see here a +2 dagger.
You fly upwards.
There is a stone staircase leading down here.
Things that are here:
a +0 ring mail; a +0 dagger
There is a stone staircase leading up here.
You fly upwards.
There is a stone staircase leading down here.
The Hell Sentinel stares, then turns away, jangling a coin purse.
A Hell Sentinel comes into view.
You can't go up here!
There is an escape hatch in the ceiling here.
A mysterious force pulls you upwards. The hatch slams shut behind you.
The angel stares, then turns away, jangling a coin purse.
An angel comes into view.
It is wielding a +2 sacred scourge of holy wrath.
No target in view!
There is a staircase leading out of the dungeon here.
You have escaped!

......#.....#...#...#.......#
#.#
......#..#...#..#..#...#..#.#
#.#
........[.#..#..#..#..#.....#
#.#
........)..#..#.#.#..#......#
#..
.......)#...#.#.#.#.#...#)..#
#..
.........##..#.#.#.#..##....#
#..
######.....##.#...#.##......#
#..
#.......#..2..#........###..
#.######...@...######..##.~~
#.......#.....#...)....#..~~
#.....##.#...#.##......#~~~≈
#...##..#.#.#.#..##....#≈≈≈.
#..#...#.#.#.#.#...#...#≈≈≈~
#.....#..#.#.#..#......#≈≈≈≈
#....#..#..#..#..#.....#≈≈≈#
##..#...#..#..#...#..#.#≈≈##
#.....#...#...#.......#≈##


You could see a friendly reaper.

Vanquished Creatures
  the Royal Jelly (Slime:5)
  4 dread liches
  6 orbs of fire
  9 ancient liches
  2 juggernauts (Depths:4)
  The ghost of Zyku Vof the Eclecticist, a veteran MfIE of Vehumet (Depths:4)
  Boris (Vaults:5)
  Vv (Crypt:1)
  Parghit (Zot:2)
  Margery (Vaults:5)
  4 Killer Klowns
  A caustic shrike (Depths:2)
  Xtahua (Vaults:5)
  9 curse toes
  10 golden dragons
  2 bone dragons
  22 tentacled monstrosities
  6 electric golems
  4 liches
  A walking crystal tome (Depths:4)
  A walking earthen tome (Depths:4)
  27 Orb Guardians
  Jorgrun (D:13)
  2 titans (Vaults:5)
  5 deep elf blademasters
  8 quicksilver dragons
  2 deep elf master archers (Elf:3)
  A walking frostbound tome (Depths:2)
  3 death cobs
  30 acid blobs
  Polyphemus (Shoals:3)
  2 walking divine tomes
  7 sphinxes
  The ghost of Duhoah Foli the Severer, an adept AtWn of Uskayaw (Spider:3)
  4 ancient champions
  6 shadow dragons
  Aizul (Crypt:1)
  Kirke (D:13)
  Roxanne (Spider:2)
  Donald (Orc:2)
  11 tengu reavers
  2 revenants
  8 draconian monks
  25 storm dragons
  9 draconian knights
  9 rockslimes
  A daeva (Zot:3)
  9 azure jellies
  Ilsuiw (Shoals:3)
  15 fire giants
  14 vault wardens
  17 frost giants
  2 iron dragons
  3 emperor scorpions
  12 deep elf sorcerers
  5 draconian scorchers
  7 deep elf elementalists
  6 ghost moths
  A juggernaut zombie (Crypt:2)
  4 curse skulls
  Louise (Depths:1)
  5 war gargoyles
  7 ironbound thunderhulks
  A broodmother (Spider:4)
  5 ghouls
  2 spriggan defenders (Depths:4)
  2 orc warlords
  20 ironbound preservers
  A quicksilver ooze (shapeshifter) (Depths:1)
  8 draconian shifters
  A draconian stormcaller (Zot:1)
  21 formless jellyfish
  A cacodemon (Depths:3)
  20 very ugly things
  2 juggernaut skeletons (Crypt:3)
  6 draconian annihilators
  2 reapers (IceCv)
  9 stone giants
  11 green draconians
  10 quicksilver oozes
  10 deep elf demonologists
  6 vampire knights
  13 deep elf annihilators
  5 red draconians
  7 yellow draconians
  12 purple draconians
  13 black draconians
  A dire elephant (Vaults:4)
  7 white draconians
  A lorocyproca (Zot:2)
  6 spark wasps
  Azrael (Elf:1)
  3 eidola
  18 ettins
  A crystal guardian (Vaults:3)
  7 merfolk javelineers
  10 fire dragons
  2 mummy priests (Crypt:2)
  A green death (D:11)
  An entropy weaver (shapeshifter) (Elf:2)
  14 deep elf death magi
  5 entropy weavers
  11 merfolk impalers
  12 jiangshi
  12 yaktaur captains
  5 deep elf high priests
  12 great orbs of eyes
  2 fenstrider witch zombies
  An ice dragon (shapeshifter) (Vaults:5)
  9 spriggan air magi
  28 vault guards
  Harold (Lair:1)
  A spriggan zombie (D:15)
  5 hydras
  4 rakshasas
  9 ice dragons
  5 ogre magi
  3 catoblepae
  A peacekeeper (Vaults:3)
  13 two-headed ogres
  4 radroaches
  2 jorogumos
  29 dancing weapons
  4 death knights
  2 alligator snapping turtles
  2 satyrs
  7 ironbound frosthearts
  5 merfolk aquamancers
  A sphinx zombie (Vaults:1)
  A spriggan skeleton (Crypt:3)
  8 boulder beetles
  5 deep troll shamans
  5 death yaks
  16 centaur warriors
  10 demonic crawlers
  7 deep troll earth magi
  17 tengu warriors
  10 spriggan berserkers
  The ghost of Mappomat the Fighter, a journeyman FeSh of Gozag (Lair:4)
  2 shock serpents (Zot:2)
  An orc high priest (Orc:1)
  A vampire mage (Elf:1)
  20 deep elf knights
  20 hell knights
  Nergalle (D:10)
  The ghost of WhatIsLove the Cleaver, a novice HOMo of Beogh (D:9)
  3 iron trolls
  Sonja (Lair:1)
  2 soul eaters
  A sun demon (D:10)
  34 skeletal warriors
  7 skysharks
  A storm dragon zombie (Crypt:2)
  4 shadow wraiths
  4 sixfirhies
  7 pharaoh ants
  A sea snake (shapeshifter) (Depths:4)
  5 flayed ghosts
  10 sea snakes
  3 glowing orange brains
  2 elf simulacra (Elf:1)
  10 necromancers
  An iron giant skeleton (Crypt:3)
  7 orb spiders
  An obsidian statue (IceCv)
  2 anaconda skeletons (Crypt:3)
  5 spriggan simulacra
  17 ironbound convokers
  7 steelbarb worms
  Pikel (D:5)
  2 bog bodies
  17 phantasmal warriors
  9 lindwurms
  9 deep elf archers
  64 deep trolls
  11 wizards
  16 harpies
  A steelbarb worm (shapeshifter) (D:12)
  37 deep elf pyromancers
  24 deep elf zephyrmancers
  A tengu skeleton (Vaults:5)
  36 ugly things
  11 cyclopes
  20 wolf spiders
  5 orc knights
  4 orc sorcerers
  16 manticores
  A manticore (shapeshifter) (Elf:3)
  4 fauns
  4 shining eyes
  A shadow dragon skeleton (D:15)
  An alligator skeleton (Crypt:1)
  2 stone giant zombies
  An iron dragon skeleton (Crypt:3)
  6 elephants
  10 merfolk sirens
  4 black mambas
  24 moths of wrath
  A water nymph (shapeshifter) (Depths:3)
  8 smoke demons
  11 water nymphs
  2 molten gargoyles (Volcano)
  21 vault sentinels
  2 orange demons (Depths:3)
  3 eyes of devastation
  A naga zombie (Crypt:3)
  8 gargoyles
  6 torpor snails
  A centaur skeleton (Crypt:3)
  2 kobold demonologists
  12 cane toads
  Jeremiah (D:6)
  A purple draconian zombie (Crypt:2)
  A bunyip simulacrum (Crypt:2)
  9 rime drakes
  A yaktaur zombie (Vaults:1)
  10 guardian mummies
  7 tengu conjurers
  4 ice devils (IceCv)
  14 freezing wraiths
  8 komodo dragons
  A yaktaur (shapeshifter) (Depths:3)
  25 yaktaurs
  5 efreet
  A harpy zombie (Crypt:3)
  2 hellwings (D:12)
  13 trolls
  5 red devils
  6 polar bears
  A hydra zombie (Crypt:1)
  9 meliai
  11 hornets
  Grinder (D:6)
  A mana viper skeleton (Crypt:1)
  A queen bee (Spider:1)
  30 tarantellas
  14 blink frogs
  38 merfolk
  14 wind drakes
  24 dream sheep
  8 snapping turtles
  2 raiju (Zot:2)
  2 harpy skeletons (Crypt:3)
  An ettin zombie (Crypt:1)
  A raiju (shapeshifter) (Elf:1)
  An air elemental (Elf:3)
  A centaur simulacrum (D:14)
  35 jumping spiders
  96 slime creatures
  21 spriggans
  Sigmund (D:3)
  4 shadows (Crypt:3)
  A dire elephant simulacrum (IceCv)
  An ettin skeleton (Crypt:3)
  12 culicivoras
  33 water elementals
  28 yaks
  15 wraiths
  An ushabti (Crypt:3)
  13 fire elementals
  18 golden eyes
  6 wyverns
  57 redbacks
  A large abomination (Zot:3)
  A hog (shapeshifter) (D:15)
  7 hogs (D:13)
  9 basilisks
  A steam dragon (D:7)
  3 vampire mosquitoes (D:11)
  2 harpy simulacra (IceCv)
  2 wargs (Orc:1)
  3 acid dragons
  A cane toad zombie (Crypt:1)
  2 glowing shapeshifter zombies
  7 hell hounds
  15 water moccasins
  2 floating eyes
  24 orc warriors
  2 ogre skeletons (Vaults:1)
  3 sky beasts
  An ettin simulacrum (IceCv)
  5 ice beasts
  5 black bears
  A manticore zombie (Crypt:2)
  27 wolves
  21 ogres
  9 boggarts
  14 centaurs
  An elf zombie (Crypt:2)
  4 kobold brigands
  2 lemures (D:5)
  2 phantoms
  8 bullfrogs
  6 earth elementals
  5 scorpions
  3 necrophages
  A gnoll sergeant (D:8)
  3 deep troll simulacra (IceCv)
  A human simulacrum (Vaults:5)
  A draconian skeleton (Crypt:2)
  13 killer bees
  2 lindwurm simulacra (IceCv)
  2 electric eels
  A howler monkey (D:12)
  3 hounds
  2 jellies (Lair:4)
  26 orc priests
  A human skeleton (Crypt:1)
  A sleepcap (D:6)
  An iguana (D:7)
  10 orc wizards
  4 hell rats (Lair:1)
  5 lightning spires (Zot:2)
  A hound zombie (Crypt:2)
  A hound skeleton (Crypt:1)
  7 mummies
  Robin (D:3)
  A gnoll (shapeshifter) (Vaults:5)
  14 gnolls
  6 adders
  A shadow imp (D:6)
  3 white imps
  An ufetubus (D:7)
  3 worms
  4 dart slugs
  64 orcs
  5 bats
  5 endoplasms
  2 giant cockroaches (D:2)
  16 goblins
  8 hobgoblins
  5 quokkas
  3 training dummies (D:7)
  9 ball pythons
  5 frilled lizards
  A hobgoblin zombie (Crypt:1)
  35 kobolds
  3 rats
  A tentacle (Shoals:4)
2600 creatures vanquished.

Vanquished Creatures (collateral kills)
  A kraken (Shoals:4)
  A wolf spider (Spider:4)
  A vault sentinel (Vaults:5)
  2 dream sheep (Shoals:4)
  A culicivora (Spider:4)
6 creatures vanquished.

Vanquished Creatures (others)
  A draconian shifter (Zot:2)
  A spark wasp (Zot:2)
  A sixfirhy (Zot:2)
  5 ball lightnings (Zot:2)
  11 tentacles (Shoals:4)
19 creatures vanquished.

Grand Total: 2625 creatures vanquished

Notes
Turn   | Place    | Note
-------+----------+-------------------------------------------
     0 | D:1      | Charly the Vine Stalker Brigand began the quest for the
                  | Orb.
     0 | D:1      | Reached XP level 1. HP: 11/11 MP: 2/2
   100 | D:1      | Reached skill level 5 in Stealth
   111 | D:1      | Reached skill level 2 in Fighting
   111 | D:1      | Reached XP level 2. HP: 15/15 MP: 3/3
   470 | D:1      | Reached XP level 3. HP: 18/18 MP: 4/4
  1445 | D:2      | Found a faded altar of an unknown god.
  1623 | D:2      | Reached XP level 4. HP: 23/23 MP: 5/5
  1725 | D:2      | Found Qeguwan's Antique Armour Shoppe.
  1817 | D:3      | Noticed Sigmund
  1905 | D:3      | Killed Sigmund
  1906 | D:3      | Reached skill level 3 in Fighting
  1906 | D:3      | Reached XP level 5. HP: 28/28 MP: 4/6
  1906 | D:3      | Reached XP level 6. HP: 32/32 MP: 4/7
  2012 | D:3      | Noticed Robin
  2067 | D:3      | Killed Robin
  2747 | D:4      | Identified 3 scrolls of acquirement
  2747 | D:4      | Acquired a +1 quick blade of venom
  2754 | D:3      | Acquired a manual of Evocations
  2756 | D:3      | Acquired a +1 pair of gloves of hurling
  2820 | D:4      | Reached skill level 4 in Fighting
  2855 | D:4      | Reached XP level 7. HP: 35/37 MP: 8/8
  3170 | D:4      | Found Xumat's Weapon Boutique.
  3418 | D:5      | Entered Level 5 of the Dungeon
  3645 | D:5      | Reached skill level 5 in Short Blades
  3698 | D:5      | Found a radiant altar of Vehumet.
  3762 | D:5      | Identified the +3 scale mail "Segotoje" {Harm MP+9 Dex-4}
  3847 | D:5      | Gained mutation: You have razor-sharp teeth. [Vine Stalker
                  | growth]
  3847 | D:5      | Reached XP level 8. HP: 37/42 MP: 6/9
  3902 | D:5      | Noticed Pikel
  3943 | D:5      | Reached skill level 5 in Fighting
  3958 | D:5      | Killed Pikel
  4026 | D:5      | Reached XP level 9. HP: 47/47 MP: 10/10
  4190 | D:5      | Found Joulirch's Antique Weapon Shoppe.
  4254 | D:5      | Found a staircase to the Ecumenical Temple.
  4437 | Temple   | Entered the Ecumenical Temple
  4447 | Temple   | Became a worshipper of Gozag Ym Sagoz the Greedy
  4585 | D:6      | Reached skill level 6 in Fighting
  4733 | D:6      | Noticed Grinder
  4734 | D:6      | Noticed Jeremiah
  4762 | D:6      | Found Ingeprui's Jewellery Shoppe.
  4770 | D:6      | Bought a ring of magical power for 240 gold pieces
  4863 | D:6      | Killed Grinder
  5007 | D:6      | Killed Jeremiah
  5008 | D:6      | Reached skill level 10 in Stealth
  5217 | D:7      | Found Jijezunea's Firing Range.
  5222 | D:7      | Bought a throwing net for 33 gold pieces
  5703 | D:7      | Reached XP level 10. HP: 53/53 MP: 11/11
  5804 | D:7      | Reached skill level 7 in Fighting
  6829 | D:9      | Reached skill level 10 in Short Blades
  7003 | D:2      | Bought a glowing ring mail for 168 gold pieces
  7264 | D:9      | Reached skill level 1 in Evocations
  7268 | D:9      | Reached skill level 1 in Spellcasting
  7328 | D:9      | Reached XP level 11. HP: 55/60 MP: 14/14
  7373 | D:9      | Noticed a two-headed ogre
  7431 | D:9      | Killed a two-headed ogre
  7432 | D:9      | Reached skill level 8 in Fighting
  7669 | D:9      | Found a staircase to the Lair.
  7824 | D:9      | Found a runed translucent door.
  8022 | D:9      | Found a shimmering altar of Xom.
  8022 | D:9      | Noticed a +0 rapier of chaos
  8022 | D:9      | Noticed WhatIsLove's ghost (novice HOMo)
  8045 | D:10     | Entered Level 10 of the Dungeon
  8153 | D:10     | Noticed a two-headed ogre
  8160 | D:10     | Killed a two-headed ogre
  8391 | D:10     | Identified the +1 leather armour "Gaklicra" {rN+ Will+
                  | Stlth-}
  8391 | D:10     | Noticed Nergalle
  8404 | D:10     | Killed Nergalle
  8446 | D:10     | Reached skill level 5 in Evocations
  8463 | D:10     | Found a broken altar of Ashenzari.
  8882 | D:10     | Found a staircase to the Orcish Mines.
  8954 | Lair:1   | Entered Level 1 of the Lair of Beasts
  8957 | Lair:1   | Bought the -1 buckler of the Fifty Stars {rF++} for 336
                  | gold pieces
  8972 | Lair:1   | Noticed Sonja
  9157 | Lair:1   | Found a runed translucent door.
  9157 | Lair:1   | Found a shimmering altar of Xom.
  9157 | Lair:1   | Noticed Pi314's ghost (journeyman DrSh)
  9158 | Lair:1   | Noticed a +8 rapier of chaos
  9184 | Lair:1   | Noticed Harold
  9217 | Lair:1   | Killed Harold
  9218 | Lair:1   | Reached skill level 1 in Shields
  9218 | Lair:1   | Reached XP level 12. HP: 15/65 MP: 6/18
  9611 | Lair:1   | Killed Sonja
  9825 | Lair:2   | Noticed a boulder beetle
  9826 | Lair:2   | Noticed a seven-headed hydra
 10147 | Lair:2   | Killed a boulder beetle
 10148 | Lair:2   | Reached skill level 9 in Fighting
 10183 | Lair:2   | Killed a seven-headed hydra
 10410 | Lair:2   | Identified the +2 rapier "Qosiodir" {heavy, Dex+5}
 10948 | Lair:3   | Noticed an eight-headed hydra
 10978 | Lair:1   | Bought the +8 scale mail "Damuni" {Fly rF- Regen+ SInv} for
                  | 704 gold pieces
 11032 | Lair:3   | Killed an eight-headed hydra
 11054 | Lair:3   | Reached skill level 5 in Spellcasting
 11141 | Lair:3   | Noticed a four-headed hydra
 11144 | Lair:3   | Noticed a skyshark
 11157 | Lair:3   | Noticed a five-headed hydra
 11165 | Lair:3   | Killed a five-headed hydra
 11166 | Lair:3   | Reached XP level 13. HP: 57/70 MP: 21/21
 11328 | Lair:3   | Reached skill level 10 in Evocations
 11561 | Lair:3   | Found a staircase to the Shoals.
 11740 | Lair:3   | Found a hole to the Spider Nest.
 12562 | Lair:4   | Found a runed translucent gate.
 12562 | Lair:4   | Found a runed translucent gate.
 12562 | Lair:4   | Found a runed translucent gate.
 12568 | Lair:4   | Noticed Mappomat's ghost (journeyman FeSh)
 12983 | Lair:4   | Reached skill level 10 in Fighting
 12989 | Lair:4   | Reached XP level 14. HP: 77/77 MP: 24/24
 13013 | Lair:4   | Found a staircase to the Slime Pits.
 13013 | Lair:4   | Found a viscous altar of Jiyva.
 13262 | Lair:5   | Entered Level 5 of the Lair of Beasts
 13419 | Lair:5   | Reached skill level 5 in Shields
 13694 | Lair:5   | Identified the ring "Caffep" {rF+ rN+ Will- Str+4 Int+3
                  | SInv}
 14176 | Lair:5   | Reached skill level 15 in Stealth
 14405 | Lair:5   | Bought a brightly glowing scale mail for 198 gold pieces
 14405 | Lair:5   | Identified the +0 scale mail of Skepticism {Contam Harm
                  | rCorr SInv} (You bought it in a shop on level 5 of the Lair
                  | of Beasts)
 15054 | D:11     | Reached skill level 1 in Dodging
 15459 | D:12     | Reached skill level 1 in Armour
 15584 | D:12     | Noticed a frost giant
 15622 | D:12     | Killed a frost giant
 16170 | D:12     | Reached skill level 11 in Fighting
 16328 | Lair:5   | Bought a spiked scale mail for 198 gold pieces
 16328 | Lair:5   | Identified the +1 scale mail "Nodeixki" {rF+ Dex+4} (You
                  | bought it in a shop on level 5 of the Lair of Beasts)
 16520 | D:13     | Reached XP level 15. HP: 55/82 MP: 26/26
 16716 | D:13     | Noticed Jorgrun
 16732 | D:13     | Killed Jorgrun
 17011 | D:13     | Noticed Kirke
 17023 | D:13     | Noticed a sphinx
 17023 | D:13     | Killed Kirke
 17470 | D:14     | Found a runed translucent door.
 17470 | D:14     | Noticed an orc warlord
 17470 | D:14     | Noticed a storm dragon
 17745 | D:14     | Found a gate to the Vaults.
 17965 | D:14     | Reached skill level 12 in Fighting
 18410 | D:15     | Entered Level 15 of the Dungeon
 18585 | D:15     | Identified the +2 short sword "Yhuc" {drain, rPois rC+
                  | Will+}
 18808 | D:15     | Identified the +6 plate armour of the Ward {rElec rCorr
                  | Int+2}
 19027 | D:15     | Found a staircase to the Depths.
 19160 | D:15     | Reached XP level 16. HP: 90/90 MP: 29/29
 19427 | D:14     | Killed a storm dragon
 19610 | D:9      | Killed WhatIsLove's ghost
 19625 | D:9      | Bought the ring "Bohec" {rC+ Str+6 Slay+2} for 584 gold
                  | pieces
 19713 | Orc:1    | Entered Level 1 of the Orcish Mines
 20126 | Orc:1    | Found Lotrakonn's Weapon Shop.
 20279 | D:9      | Bought the amulet "Meng" {Reflect rPois rF- Str+9 SH+5
                  | SInv} for 573 gold pieces
 20388 | Orc:2    | Entered Level 2 of the Orcish Mines
 20388 | Orc:2    | Found a staircase to the Elven Halls.
 20390 | Orc:2    | Found a dark tunnel.
 20399 | Volcano  | Entered a volcano
 20659 | Orc:2    | Noticed Donald
 20681 | Orc:2    | Killed Donald
 20682 | Orc:2    | Reached skill level 5 in Dodging
 20801 | Orc:1    | Reached skill level 13 in Fighting
 21036 | Orc:2    | Reached skill level 5 in Armour
 21394 | Orc:2    | Found Erehoj's General Store.
 21396 | Orc:2    | Found Vyedi's Weapon Shoppe.
 21402 | Orc:2    | Found Pinujirayz's Distillery.
 21403 | Orc:2    | Bought a wand of charming (3) for 108 gold pieces
 21411 | Orc:2    | Found Izaileuw's Armour Emporium.
 21414 | Orc:2    | Bought a potion of magic for 128 gold pieces
 21414 | Orc:2    | Bought a potion of berserk rage for 80 gold pieces
 21414 | Orc:2    | Bought 2 potions of resistance for 320 gold pieces
 21414 | Orc:2    | Bought a potion of might for 64 gold pieces
 21414 | Orc:2    | Bought a potion of curing for 48 gold pieces
 21856 | Lair:4   | Killed Mappomat's ghost
 21899 | Spider:1 | Entered Level 1 of the Spider Nest
 22838 | Spider:2 | Reached XP level 17. HP: 83/96 MP: 31/31
 22954 | Spider:2 | Reached skill level 14 in Fighting
 23323 | Spider:2 | Noticed Roxanne
 23582 | Spider:2 | Killed Roxanne
 23741 | Spider:3 | Bought a potion of curing for 54 gold pieces
 23741 | Spider:3 | Bought a potion of curing for 54 gold pieces
 24108 | Spider:3 | Reached skill level 10 in Spellcasting
 24774 | Spider:3 | Found a runed translucent door.
 24808 | Spider:3 | Noticed Duhoah Foli's ghost (adept AtWn)
 25267 | Spider:3 | Killed Duhoah Foli's ghost
 25334 | Spider:4 | Entered Level 4 of the Spider Nest
 25712 | Spider:4 | Reached skill level 15 in Fighting
 25771 | Spider:4 | Reached XP level 18. HP: 99/104 MP: 33/33
 25950 | Spider:4 | Got a gossamer rune of Zot
 25965 | Spider:4 | Identified the +1 pair of gloves of Shrieking Wonder {rF+
                  | Int+4 Dex+3}
 26049 | Spider:4 | Found the +4 robe of Folly {Brill Will-∞ Int+8}
 26559 | Shoals:1 | Entered Level 1 of the Shoals
 26925 | Shoals:1 | Reached skill level 15 in Evocations
 28624 | Shoals:3 | Noticed Ilsuiw
 28653 | Shoals:3 | Killed Ilsuiw
 28654 | Shoals:3 | Reached skill level 16 in Fighting
 28806 | Shoals:3 | Noticed Polyphemus
 28835 | Shoals:3 | Killed Polyphemus
 29163 | Shoals:3 | Found Pasyuvy's Book Shop.
 29583 | Shoals:4 | Entered Level 4 of the Shoals
 29709 | Shoals:4 | Reached XP level 19. HP: 105/110 MP: 35/35
 30055 | Shoals:4 | Got a barnacled rune of Zot
 30214 | Shoals:4 | Identified the amulet "Uwnikk" {Spirit rElec SInv}
 30842 | Shoals:4 | Identified the +8 demon blade "Gugacses" {elec, Drain rElec
                  | Int+6}
 31102 | Lair:3   | Bought the +5 robe of Night {Dark Will+ SInv} for 780 gold
                  | pieces
 31102 | Lair:3   | Found the +5 robe of Night {Dark Will+ SInv}
 31184 | Lair:3   | Bought the +0 pair of boots of a Gauntlet {rElec rCorr} for
                  | 433 gold pieces
 31198 | Lair:3   | Learned a level 2 spell: Blink
 31201 | Lair:3   | Learned a level 2 spell: Lesser Beckoning
 31404 | Vaults:1 | Entered Level 1 of the Vaults
 31558 | Vaults:1 | Reached skill level 17 in Fighting
 31558 | Vaults:1 | Reached skill level 1 in Translocations
 32137 | Vaults:1 | Paralysed by a formless jellyfish for 1 turns
 33082 | D:9      | Bought the amulet "Ygiqoj" {Acrobat Will- rCorr Slay+3} for
                  | 510 gold pieces
 33279 | Vaults:2 | Reached XP level 20. HP: 107/119 MP: 37/37
 33331 | Vaults:2 | Identified the +4 sling of the Grey Skies {speed, Int+9}
 33572 | Vaults:2 | Gained mutation: You are clumsy. (Dex -2) [a neqoxec]
 33601 | Vaults:2 | Got an engraved book
 33658 | Vaults:2 | Got a gaudy book
 33706 | Vaults:2 | Reached skill level 10 in Dodging
 33717 | Vaults:2 | Reached skill level 18 in Fighting
 34738 | Vaults:2 | Learned a level 2 spell: Wereblood
 34740 | Vaults:2 | Learned a level 1 spell: Apportation
 34978 | Vaults:3 | Reached skill level 1 in Transmutations
 35552 | Vaults:3 | Found a staircase to the Crypt.
 35673 | Vaults:3 | Identified the ring "Ixuluth" {MP+9 Slay+3}
 36333 | Vaults:4 | Identified the +1 robe of the Game Afoot {MP+9}
 36417 | Vaults:4 | Paralysed by a formless jellyfish for 1 turns
 37079 | Vaults:4 | Reached XP level 21. HP: 120/125 MP: 38/38
 37208 | Vaults:4 | Reached skill level 19 in Fighting
 38078 | Elf:1    | Entered Level 1 of the Elven Halls
 38078 | Elf:1    | Found a runed translucent gate.
 38078 | Elf:1    | Found a runed translucent gate.
 38078 | Elf:1    | Found a runed translucent gate.
 38078 | Elf:1    | Found a runed translucent gate.
 38078 | Elf:1    | Found a runed translucent gate.
 38078 | Elf:1    | Found a runed translucent gate.
 38084 | Elf:1    | Found a runed translucent door.
 38106 | Elf:1    | Found a runed translucent door.
 38221 | Elf:1    | Noticed Azrael
 38233 | Elf:1    | Killed Azrael
 38824 | Elf:1    | Found Wuog's General Store.
 38838 | Elf:1    | Bought a scroll of butterflies for 60 gold pieces
 39474 | Elf:2    | Found Noecw's Weapon Shoppe.
 39487 | Elf:2    | Found a frozen archway.
 39493 | IceCv    | Entered an ice cave
 39856 | IceCv    | Identified the +2 hat of the Ghostly God {rN+++ rCorr
                  | Dex-4}
 40297 | Elf:2    | Found a runed translucent gate.
 40297 | Elf:2    | Found a runed translucent gate.
 40297 | Elf:2    | Found a runed translucent gate.
 41299 | Elf:2    | Found Noecw's Weapon Shoppe.
 41350 | Elf:2    | Reached XP level 22. HP: 133/133 MP: 40/40
 41753 | Elf:3    | Entered Level 3 of the Elven Halls
 41757 | Elf:3    | Learned a level 2 spell: Passwall
 41936 | Elf:3    | Reached skill level 20 in Fighting
 42099 | Elf:3    | Found Janlog's Antique Armour Emporium.
 42106 | Elf:3    | Bought the -2 hat of the Alchemist {rElec rPois rF+ rC+ rN+
                  | Will+ rMut rCorr} for 1510 gold pieces
 42106 | Elf:3    | Found the -2 hat of the Alchemist {rElec rPois rF+ rC+ rN+
                  | Will+ rMut rCorr}
 42190 | Elf:3    | Identified the +4 quarterstaff "Qaenualocae" {elec,
                  | *Corrode rElec rPois}
 42832 | Elf:3    | Paralysed by an air elemental for 1 turns
 42845 | Elf:3    | Reached skill level 5 in Translocations
 42859 | Elf:3    | Reached skill level 5 in Transmutations
 43264 | Elf:3    | Identified the +0 robe of the Orcish Mines {-Cast +Blink
                  | rC+++ Stlth+}
 43266 | Elf:3    | Identified the quicksilver dragon scales of Kikubaaqudgha's
                  | Grace {Fly Will+ Slay+4}
 43297 | Elf:3    | Found the +5 demon whip "Spellbinder" {antimagic, disrupt,
                  | Will+}
 43316 | Elf:3    | Identified the +9 demon trident of Onnimyz {venom, Dex+4}
 43458 | Elf:3    | Identified the +9 shortbow of Division {flame, SInv}
 43490 | Elf:3    | Identified the ring of the Empire {Fly Int+6 Dex+3}
 44133 | Elf:3    | Found Janlog's Antique Armour Emporium.
 44741 | Depths:1 | Entered Level 1 of the Depths
 44905 | Depths:1 | Found a broken altar of Ashenzari.
 45130 | Depths:1 | Found Tulaz's Weapon Boutique.
 45175 | Depths:1 | Found a gateway to Hell.
 45294 | Depths:1 | Found a one-way gateway to a ziggurat.
 45316 | Depths:1 | Noticed Louise
 45318 | Depths:1 | Found a one-way gate to the infinite horrors of the Abyss.
 45346 | Depths:1 | Killed Louise
 45532 | Depths:1 | Found a hazy altar of Hepliaklqana.
 45712 | Depths:2 | Reached XP level 23. HP: 139/139 MP: 42/42
 45829 | Depths:2 | Reached skill level 21 in Fighting
 46230 | Depths:2 | Noticed a caustic shrike
 46239 | Depths:2 | Killed a caustic shrike
 46251 | Depths:2 | Identified the ring "Erghaer" {rElec rC+ rCorr}
 46377 | Depths:2 | Found the +4 Cigotuvi's embrace {Corpsefed rMiasma Drain
                  | rN+}
 46486 | Depths:2 | Identified the amulet "Vuoge" {Acrobat Dex+5 SInv Stlth+}
 46636 | Depths:2 | Identified the +8 chain mail "Cet Huin" {Contam rN+++ Int+3
                  | Slay+5}
 46651 | Depths:2 | Found a one-way gate leading to the halls of Pandemonium.
 46687 | Depths:2 | Identified the +2 plate armour of Divine Intervention
                  | {rElec rF- Str+9 SInv}
 47259 | Depths:3 | Found a sparkling altar of Nemelex Xobeh.
 48122 | Depths:4 | Entered Level 4 of the Depths
 48140 | Depths:4 | Reached skill level 10 in Shields
 48147 | Depths:4 | Noticed a juggernaut
 48166 | Depths:4 | Killed a juggernaut
 48173 | Depths:4 | Reached XP level 24. HP: 146/146 MP: 42/42
 48662 | Depths:4 | Noticed Zyku Vof's ghost (veteran MfIE)
 48700 | Depths:4 | Noticed a juggernaut
 48708 | Depths:4 | Found a runed translucent gate.
 48708 | Depths:4 | Found a runed translucent gate.
 48715 | Depths:4 | Found a runed translucent gate.
 48744 | Depths:4 | Killed a juggernaut
 48745 | Depths:4 | Reached skill level 22 in Fighting
 48761 | Depths:4 | Killed Zyku Vof's ghost
 48786 | Depths:4 | Identified the staff of the Fox {Will+++ Str-5 Dex+2 Stlth+
                  | Conj}
 48788 | Depths:4 | Identified the ring "Raorghich" {rN+ Str+3 Int+3 Slay-2
                  | Stlth-}
 49024 | Depths:4 | Found a gate to the Realm of Zot.
 49488 | Crypt:1  | Entered Level 1 of the Crypt
 49515 | Crypt:1  | Noticed Aizul
 49521 | Crypt:1  | Killed Aizul
 49949 | Crypt:1  | Noticed Vv
 49971 | Crypt:1  | Killed Vv
 50446 | Crypt:2  | Reached skill level 15 in Spellcasting
 50600 | Crypt:2  | Reached XP level 25. HP: 153/153 MP: 43/43
 50875 | Crypt:2  | Identified the +1 broad axe of Bew Jier {vamp, rN++ Int+3}
 51282 | Crypt:2  | Identified the +2 robe "Abeczis" {Harm Int+4}
 51357 | Crypt:3  | Entered Level 3 of the Crypt
 51775 | Crypt:3  | Reached skill level 15 in Shields
 51794 | Crypt:3  | Identified the +5 battleaxe "Wyuziq" {freeze, rPois rC+
                  | Dex-3 SInv}
 52154 | Crypt:3  | Found a staircase to the Tomb.
 52254 | Crypt:3  | Acquired the scarf of the Harvest {shadows, Rampage rC+
                  | Stlth+}
 52515 | Crypt:3  | Noticed an ancient lich
 52521 | Crypt:3  | Killed an ancient lich
 52525 | Crypt:3  | Found an ancient bone altar of Kikubaaqudgha.
 52542 | Crypt:3  | Noticed an ancient lich
 52552 | Crypt:3  | Killed an ancient lich
 52601 | Crypt:3  | Identified the +3 leather armour of Waepheta {rF- Will+++}
 52671 | Crypt:3  | Reached skill level 23 in Fighting
 53009 | Vaults:3 | Bought 4 atropa-tipped darts for 54 gold pieces
 53009 | Vaults:3 | Bought 4 atropa-tipped darts for 54 gold pieces
 53097 | Vaults:5 | Entered Level 5 of the Vaults
 53122 | Vaults:5 | Noticed Margery
 53139 | Vaults:5 | Killed Margery
 53148 | Vaults:5 | Identified the +6 halberd of Miple {drain, Str+5 SInv}
 53168 | Vaults:5 | Noticed Xtahua
 53175 | Vaults:5 | Killed Xtahua
 53250 | Vaults:5 | Noticed an ancient lich
 53257 | Vaults:5 | Killed an ancient lich
 53426 | Vaults:5 | Noticed a dread lich
 53435 | Vaults:5 | Reached XP level 26. HP: 160/160 MP: 43/43
 53447 | Vaults:5 | Killed a dread lich
 53488 | Vaults:5 | Noticed a dread lich
 53505 | Vaults:5 | Noticed an ancient lich
 53513 | Vaults:5 | Killed a dread lich
 53517 | Vaults:5 | Killed an ancient lich
 53546 | Vaults:5 | Reached skill level 10 in Armour
 53633 | Vaults:5 | Noticed Boris
 53640 | Vaults:5 | Killed Boris
 53844 | Vaults:5 | Got a well-preserved book
 53909 | Vaults:5 | Identified the ring "Voybb" {Ice rPois Str+3 Int+2}
 54042 | Vaults:5 | Noticed an ancient lich
 54053 | Vaults:5 | Killed an ancient lich
 54154 | Vaults:5 | Got a silver rune of Zot
 54384 | Vaults:5 | Identified the ring of Doheah {rF+ Str+4 Int+6 Stlth+}
 54423 | Vaults:5 | Found Ecauluyl's Assorted Antiques.
 54432 | Vaults:5 | Bought a wand of quicksilver (4) for 487 gold pieces
 54432 | Vaults:5 | Bought a wand of roots (4) for 278 gold pieces
 54437 | Vaults:5 | Identified the +6 war axe of Ucsiduov {heavy, rPois}
 54442 | Vaults:5 | Identified the +1 spear of Taqerar {drain, *Corrode Dex+3
                  | Stlth+}
 54468 | Vaults:5 | Identified the +4 great sword of Friendship {protect, rElec
                  | rCorr}
 54520 | Vaults:5 | Got a shiny book
 55378 | Vaults:5 | Found Ecauluyl's Assorted Antiques.
 55764 | Vaults:5 | Found Ecauluyl's Assorted Antiques.
 56498 | Slime:1  | Entered Level 1 of the Pits of Slime
 56503 | Lair:4   | Bought an ichor-stained scale mail for 477 gold pieces
 56503 | Lair:4   | Identified the +7 scale mail of the Komodo Dragon {Regen+}
                  | (You bought it in a shop on level 4 of the Lair of Beasts)
 56503 | Lair:4   | Bought a polished ring mail for 477 gold pieces
 56503 | Lair:4   | Identified the +0 ring mail "Toyc" {Dex+5} (You bought it
                  | in a shop on level 4 of the Lair of Beasts)
 56503 | Lair:4   | Bought a pitted ring mail for 477 gold pieces
 56503 | Lair:4   | Identified the +0 ring mail of Yshrotil {rElec rPois rC++
                  | SInv} (You bought it in a shop on level 4 of the Lair of
                  | Beasts)
 56852 | Slime:2  | You are sucked into a shaft and drop 1 floor!
 58241 | Slime:4  | Reached XP level 27. HP: 165/165 MP: 44/44
 58840 | Slime:5  | Entered Level 5 of the Pits of Slime
 58950 | Slime:5  | Noticed the Royal Jelly
 58961 | Slime:5  | Reached skill level 24 in Fighting
 59065 | Slime:5  | Found a viscous altar of Jiyva.
 59146 | Slime:5  | Killed the Royal Jelly
 59190 | Slime:5  | Found the +8 whip "Snakebite" {venom, curare, rPois}
 59215 | Slime:5  | Identified the +11 storm dragon scales of Gravity {rElec
                  | rF+ rN+ Str-4 Stlth+}
 59225 | Slime:5  | Identified the +1 scale mail of Hepnad {Rampage}
 59260 | Slime:5  | Found the +18 shield of the Gong {Loud rN+ Will+ rCorr
                  | EV-5}
 59357 | Slime:5  | Identified the +4 falchion of Uskayaw's Delight {flame,
                  | +Blink rElec rF-}
 59572 | Slime:5  | Got a slimy rune of Zot
 60391 | Zot:1    | Entered Level 1 of the Realm of Zot
 60810 | Zot:1    | Found a huge runed gate.
 60810 | Zot:1    | Found a huge runed gate.
 60810 | Zot:1    | Found a huge runed gate.
 60810 | Zot:1    | Found a huge runed gate.
 60811 | Zot:1    | Found a huge runed gate.
 60811 | Zot:1    | Found a huge runed gate.
 60812 | Zot:1    | Found a huge runed gate.
 60813 | Zot:1    | Found a huge runed gate.
 60813 | Zot:1    | Found a huge runed gate.
 60813 | Zot:1    | Found a huge runed gate.
 60823 | Zot:1    | Found a huge runed gate.
 60823 | Zot:1    | Found a huge runed gate.
 60823 | Zot:1    | Found a huge runed gate.
 60823 | Zot:1    | Found a huge runed gate.
 60823 | Zot:1    | Found a huge runed gate.
 60853 | Zot:1    | Found a huge runed gate.
 60855 | Zot:1    | Found a huge runed gate.
 60856 | Zot:1    | Found a huge runed gate.
 60857 | Zot:1    | Found a huge runed gate.
 60906 | Zot:1    | Found a huge runed gate.
 60906 | Zot:1    | Found a huge runed gate.
 60906 | Zot:1    | Found a huge runed gate.
 60906 | Zot:1    | Found a huge runed gate.
 60906 | Zot:1    | Found a huge runed gate.
 60907 | Zot:1    | Found a huge runed gate.
 60908 | Zot:1    | Found a huge runed gate.
 60909 | Zot:1    | Found a huge runed gate.
 60910 | Zot:1    | Found a huge runed gate.
 60918 | Zot:1    | Found a huge runed gate.
 60918 | Zot:1    | Found a huge runed gate.
 60918 | Zot:1    | Found a huge runed gate.
 60918 | Zot:1    | Found a huge runed gate.
 60938 | Zot:1    | Found a huge runed gate.
 60938 | Zot:1    | Found a huge runed gate.
 60939 | Zot:1    | Found a huge runed gate.
 60940 | Zot:1    | Found a huge runed gate.
 61188 | Zot:1    | Noticed a dread lich
 61188 | Zot:1    | Noticed an ancient lich
 61188 | Zot:1    | Noticed an ancient lich
 61268 | Zot:1    | Killed an ancient lich
 61333 | Zot:1    | Killed an ancient lich
 61373 | Zot:1    | Killed a dread lich
 61455 | Zot:1    | Identified the +3 orcbow "Pefoqad" {flame, Dex+4}
 62276 | Zot:2    | Noticed Parghit
 62295 | Zot:2    | Killed Parghit
 62867 | Zot:2    | Reached skill level 25 in Fighting
 64366 | Zot:4    | Got a yellowed book
 64533 | Zot:4    | Noticed an orb of fire
 64542 | Zot:4    | Gained mutation: You are very clumsy. (Dex -4) [an orb of
                  | fire]
 64550 | Zot:4    | Killed an orb of fire
 64841 | Zot:5    | Entered Level 5 of the Realm of Zot
 65171 | Zot:5    | Noticed an ancient lich
 65185 | Zot:5    | Killed an ancient lich
 65440 | Zot:5    | Noticed an orb of fire
 65453 | Zot:5    | Killed an orb of fire
 65462 | Zot:5    | Noticed an orb of fire
 65473 | Zot:5    | Identified the +9 mace of the Glowing Messenger {freeze,
                  | *Slow +Blink rN++ Stlth+}
 65485 | Zot:5    | Killed an orb of fire
 65818 | Zot:5    | Noticed a dread lich
 65820 | Zot:5    | Noticed an ancient lich
 65825 | Zot:5    | Killed a dread lich
 65840 | Zot:5    | Killed an ancient lich
 65934 | Zot:5    | Lost mutation: You are very clumsy. (Dex -4) [potion of
                  | mutation]
 65934 | Zot:5    | Lost mutation: You are clumsy. (Dex -2) [potion of
                  | mutation]
 65934 | Zot:5    | Gained mutation: You possess an exceptional clarity of
                  | mind. [potion of mutation]
 66019 | Zot:5    | Reached skill level 26 in Fighting
 66108 | Zot:5    | Noticed an orb of fire
 66110 | Zot:5    | Noticed an orb of fire
 66116 | Zot:5    | Noticed an orb of fire
 66118 | Zot:5    | Killed an orb of fire
 66125 | Zot:5    | Killed an orb of fire
 66132 | Zot:5    | Killed an orb of fire
 66987 | Zot:5    | Got the Orb of Zot
 67382 | D:15     | Noticed Niyguup the pandemonium lord
 67548 | D:10     | Noticed Uryn the pandemonium lord
 67764 | D:$      | Escaped with the Orb!

Illustrated notes

Levels and vault maps discovered:
D:1:      minmay_arrival_radiant_lines, layout_basic, serial_rivers,
          chequers_serial_rivers_room_b, chequers_serial_rivers_micro_b,
          chequers_serial_rivers_small_b, chequers_serial_rivers_large_a,
          chequers_serial_rivers_micro_d, chequers_serial_rivers_micro_a
D:2:      layout_loops_ring, shapermc_ecumenical_altar_totnotflames,
          serial_shops, shop, minmay_cut_off
D:3:      layout_rooms, wad_floor_pattern_2, uniq_robin, uniq_sigmund
D:4:      layout_gridville, serial_shops, shop
D:5:      layout_basic, kennysheep_little_box, minmay_temple_entry_metal_lava,
          serial_shops, nicolae_shop_competitors_out_of_business, uniq_pikel
D:6:      layout_rooms, serial_shops, nicolae_shop_tiny_glass, uniq_grinder,
          uniq_jeremiah
D:7:      layout_loops_ring, nicolae_shop_firing_range
D:8:      layout_rooms
D:9:      layout_irregular_city, hellmonk_lair_entry_icy, serial_glass,
          glass_columns_a, glass_columns_a, glass_columns_b, glass_columns_a,
          glass_columns_b, glass_columns_c, glass_columns_a, glass_columns_a,
          glass_columns_c, glass_columns_a, ebering_ghost_xom
D:10:     layout_loops_ring, nicolae_overflow_hidden_temple, david_orc_4,
          kennysheep_generic_room_8, uniq_nergalle
D:11:     layout_roguey, nicolae_concentric_dashed_squares_wild
D:12:     minmay_glassy_protrusions, layout_small_grid,
          nicolae_where_there's_smoke
D:13:     layout_cave_pools, special_room [special_room_orc],
          nicolae_elevator_lobby_asterisk, uniq_kirke, uniq_jorgrun
D:14:     layout_loops_ring, david_vaults_1, serial_bayou, serial_bayou_pond_a,
          serial_bayou_pond_d, serial_bayou_pond_d, serial_bayou_pond_b,
          kennysheep_treasure_room
D:15:     gammafunk_depths_entry_grave, layout_rooms, nicolae_titane
Temple:   regret_index_temple_chain_breaker
Lair:1:   layout_hall_layers, ebering_ghost_xom, uniq_sonja, uniq_harold
Lair:2:   layout_roguey, nicolae_lair_lil_pond,
          eino_small_chamber_without_monster, wad_woods_river_01
Lair:3:   nzn_winding_woodlands_cross [nzn_winding_woodlands_5x15_cabin,
          nzn_winding_woodlands_5x15_sawtooth,
          nzn_winding_woodlands_5x15_jagged,
          nzn_winding_woodlands_5x15_longhouse,
          nzn_winding_woodlands_15x15_killbox], layout_regular_city,
          minmay_shoals_entry_beasts, nicolae_spider_entry_lesser_pyramids,
          serial_forest, infiniplex_forest_straight_3,
          infiniplex_forest_clump_small, infiniplex_forest_end_2,
          infiniplex_forest_3_way, infiniplex_forest_zigzag_1,
          infiniplex_forest_straight_4, infiniplex_forest_diagonal,
          infiniplex_forest_clump_tiny, infiniplex_forest_straight_2,
          infiniplex_forest_clump_medium
Lair:4:   layout_cave_shapes, minmay_slime_entry_pillars,
          ebering_ghost_rock_garden, serial_bayou_shore_b
Lair:5:   minmay_lair_end_enchanted_forest, layout_hall_layers, minivault_23
Shoals:1: layout_shoals
Shoals:2: layout_shoals
Shoals:3: layout_shoals, serial_shops, nicolae_shop_crystal,
          nicolae_shoals_lost_giant_baths, uniq_polyphemus, uniq_ilsuiw
Shoals:4: shoals_end_grunt_ice, layout_shoals, nicolae_shoals_seven_spires
Spider:1: layout_spider_delve, hangedman_spider_tarantella_strand
Spider:2: layout_spider_delve, nicolae_spider_cling_ruins, uniq_roxanne
Spider:3: layout_chambers, gammafunk_ghost_grave
Spider:4: grunt_spider_rune_island
Slime:1:  layout_caves, basic_altar
Slime:2:  layout_caves
Slime:3:  cheibrodos_slime_lost_civilization_2, layout_caves
Slime:4:  layout_caves
Slime:5:  slime_pit_nicolae_trefoil
Orc:1:    layout_caves, serial_shops, shop
Orc:2:    st_orc_open, layout_diamond_mine, basic_altar, enter_volcano_2,
          uniq_donald
Elf:1:    nicolae_elf_arrival_dilemma, layout_gridlike, serial_shops, shop,
          hangedman_elf_disciples, amcnicky_mini_corridor_feature,
          nicolae_elf_deep_mausoleum, uniq_azrael, uniq_louise
Elf:2:    elven_hall_of_blades_hangedman_original [nicolae_blade_lattice],
          layout_onion_city, serial_shops, nicolae_shop_statue_plus,
          portal_ice_cave_entry_pillars_1
Elf:3:    minmay_elf_hall_hex, layout_geoelf_castle, serial_shops, shop,
          dreamdust_princess_corridor
Vaults:1: v_misc_29, nicolae_vaults_diffraction_hallways, nicolae_vaults_big_ls,
          nicolae_vaults_closet_pinwheel_4, nicolae_vaults_trapezoid_lopsided_3,
          layout_vaults_omnigrid
Vaults:2: ontoclasm_vaults_claustrophobia, nicolae_vaults_library_corner,
          nicolae_vaults_stairing_the_circle, hangedman_vaults_cutoff,
          nicolae_vaults_turnstiles, v_misc_15, hangedman_vaults_corner,
          nicolae_vaults_little_ls, ontoclasm_vaults_bender,
          ontoclasm_vaults_shuriken, v_alt_pattern_3, nicolae_vaults_rhombus_6,
          v_alt_pattern_6, hangedman_vaults_slice, layout_vaults_ring
Vaults:3: v_pattern_1, nicolae_vaults_house_1, nicolae_vaults_cochlea,
          minmay_crypt_entry_simple_statues,
          nicolae_vaults_offset_grid_hallway_1, nicolae_vaults_hallways_thing,
          nicolae_vaults_network_barrier, nicolae_vaults_more_shelving_1,
          nicolae_vaults_tetromino_Z_2, dpeg_vaults_waves,
          vaults_room_door_hall, vaults_dpeg_diagonal,
          ontoclasm_vaults_ligature, layout_vaults_big_cross
Vaults:4: nicolae_vaults_swerve, nicolae_vaults_heist, hangedman_vaults_maws,
          nicolae_vaults_house_2, nicolae_vaults_inception_corners,
          nicolae_vaults_network_star, vaults_dpeg_cross,
          nicolae_vaults_sightless_eye, nicolae_vaults_network_square,
          nicolae_vaults_house_3, layout_vaults_chaotic_city
Vaults:5: uniq_xtahua, uniq_boris, uniq_margery
Crypt:1:  layout_basic, minivault_14, lemuel_nasty_fountain, uniq_aizul, uniq_vv
Crypt:2:  layout_chaotic_city, st_burial_chamber
Crypt:3:  quadcrypt_mu
Depths:1: layout_cave_pools, enter_ziggurat_c, hell_entry, lemuel_statue_altar,
          nicolae_abyss_entry_one_way_or_another, serial_shops,
          nicolae_shop_waterfront, grunt_decor_arrowhead,
          ebering_dispersal_statue_hall, minmay_stone_trees_medium,
          ashenzari_altar_1, serial_bayou_shore_b
Depths:2: box_level_dp, hell_entry, pan_entry
Depths:3: minmay_diamond_stairs, layout_honeycomb, abyss_entry, pf_coc_iceberg,
          nemelex_spade_bored_becter, minmay_staircase_windowed_small
Depths:4: evilmike_zot_entry_round, layout_cave_pools, gammafunk_ghost_split,
          hell_entry, grunt_decor_junction, minmay_alternating_orb
Zot:1:    kennysheep_six_static_rooms, layout_gridlike, door_vault
Zot:2:    infiniplex_zot_generator, layout_onion_interference, uniq_parghit
Zot:3:    layout_cellular_growth, st_stairs_3
Zot:4:    layout_gridlike
Zot:5:    layout_basic, st_stairs_12, grunt_megastairs_4

Skill      XL: |  1  2  3  4  5  6  7  8  9 10 11 12 13 14 15 16 17 18 19 20 21 22 23 24 25 26 27 |
---------------+----------------------------------------------------------------------------------+-----
Short Blades   | 2 3 4 5 6 8 10 11 12 13 14 | 14.0
Stealth        | 5 6 7 9 10 11 12 13 14 15 17 18 19 | 19.4
Fighting       | 2 3 4 5 6 7 8 9 10 11 12 13 15 16 17 18 19 20 21 22 23 26 | 26.2
Evocations     | 2 6 9 11 13 14 15 | 15.0
Spellcasting   | 1 3 5 6 8 9 10 11 12 13 14 15 16 18 | 18.2
Shields        | 1 3 4 5 10 14 16 18 21 | 21.5
Dodging        | 2 4 6 7 8 9 10 11 12 14 | 14.7
Armour         | 2 4 5 7 8 9 11 13 | 13.7
Translocations | 3 4 5 6 |  6.0
Transmutations | 3 4 6 8 9 |  9.0
Throwing       | |  1.7

Action                     |  1- 3 |  4- 6 |  7- 9 | 10-12 | 13-15 | 16-18 | 19-21 | 22-24 | 25-27 || total
---------------------------+-------+-------+-------+-------+-------+-------+-------+-------+-------++-------
  Melee: Dagger            |    89 |   104 |       |       |       |       |       |       |       ||   193
         Bite              |    18 |    30 |   120 |   336 |   982 |  1424 |  1062 |   992 |  2052 ||  7016
         Quick blade       |       |    20 |   321 |   787 |  2054 |  2649 |  1843 |  1606 |  2978 || 12258
         Punch             |       |       |     5 |     6 |       |       |       |       |       ||    11
  Throw: Dart              |    13 |    21 |    18 |    33 |    29 |    45 |       |     1 |     3 ||   163
         Throwing net      |       |       |       |     3 |     2 |       |     1 |       |     1 ||     7
   Cast: Apportation       |       |       |       |       |       |       |     1 |       |     1 ||     2
         Wereblood         |       |       |       |       |       |       |       |     6 |     5 ||    11
 Invoke: Call Merchant     |       |       |       |     1 |     2 |     3 |     1 |     3 |     2 ||    12
         Potion Petition   |       |       |       |     1 |       |       |       |       |     1 ||     2
         Bribe Branch      |       |       |       |       |       |       |       |       |     1 ||     1
  Evoke: Wand              |       |       |       |    26 |     9 |    25 |     2 |     3 |     3 ||    68
         Phantom mirror    |       |       |       |       |       |     1 |     1 |     1 |     1 ||     4
         Condenser vane    |       |       |       |       |       |       |     2 |     1 |     1 ||     4
         Box of beasts     |       |       |       |       |       |       |       |       |     2 ||     2
    Use: Scroll            |       |     9 |     4 |     8 |    11 |    11 |     6 |       |     4 ||    53
         Potion            |       |       |       |     1 |       |     1 |       |     2 |     9 ||    13
   Stab: Sleeping          |    11 |     6 |    11 |    33 |    44 |    23 |    72 |    55 |    58 ||   313
         Distracted        |       |     2 |       |     3 |    18 |    14 |    18 |    28 |    58 ||   141
         Held in net/web   |       |       |       |     2 |     1 |       |     1 |       |     1 ||     5
         Petrified         |       |       |       |       |     2 |     2 |       |       |       ||     4
         Petrifying        |       |       |       |       |       |     4 |       |       |       ||     4
 Armour: Robe              |    35 |    61 |   101 |    57 |       |       |   324 |    38 |       ||   616
         Ring mail         |       |       |       |   128 |       |       |       |       |       ||   128
         Scale mail        |       |       |       |    31 |   568 |       |       |       |       ||   599
         Plate armour      |       |       |       |       |    36 |   776 |   116 |       |       ||   928
         Quicksilver drago |       |       |       |       |       |       |       |   204 |    12 ||   216
         Chain mail        |       |       |       |       |       |       |       |       |   351 ||   351
  Dodge: Dodged            |    33 |    43 |    61 |   177 |   407 |   391 |   455 |   267 |   296 ||  2130
  Block: Buckler           |       |       |       |    20 |   173 |   414 |   197 |    29 |       ||   833
         Reflection        |       |       |       |       |       |    16 |     8 |       |       ||    24
         Tower shield      |       |       |       |       |       |       |       |   525 |  1152 ||  1677

Table legend: (Time is in decaauts)
 A = Elapsed time spent in this place.
 B = Non-inter-level travel time spent in this place.
 C = Inter-level travel time spent in this place.
 D = Time resting spent in this place.
 E = Time spent auto-exploring this place.
 F = Levels seen in this place.
 G = Mean time per level.
                   A        B        C        D        E       F      G
               +--------+--------+--------+--------+--------+-----+--------+
         Total |  64975 |  59188 |   5787 |    929 |  43231 |  58 | 1120.3 |
       Dungeon |  15334 |  12643 |   2691 |    185 |   9050 |  15 | 1022.3 |
        Temple |     20 |     11 |      9 |      0 |      0 |   1 |   20.0 |
          Lair |   5962 |   5225 |    737 |     64 |   3677 |   5 | 1192.4 |
        Shoals |   4237 |   4040 |    197 |      8 |   3106 |   4 | 1059.2 |
   Spider Nest |   4317 |   4117 |    200 |     84 |   2716 |   4 | 1079.2 |
    Slime Pits |   3409 |   3190 |    219 |      6 |   2209 |   5 |  681.8 |
  Orcish Mines |   1523 |   1409 |    114 |      1 |   1034 |   2 |  761.5 |
   Elven Halls |   5870 |   5663 |    207 |     59 |   4504 |   3 | 1956.7 |
        Vaults |   9135 |   8630 |    505 |     56 |   6924 |   5 | 1827.0 |
         Crypt |   3382 |   3188 |    194 |      5 |   2232 |   3 | 1127.3 |
        Depths |   4689 |   4317 |    372 |    100 |   2951 |   4 | 1172.2 |
           Zot |   6516 |   6179 |    337 |    327 |   4571 |   5 | 1303.2 |
      Ice Cave |    391 |    391 |      0 |      0 |    227 |   1 |  391.0 |
       Volcano |    185 |    185 |      0 |     31 |     27 |   1 |  185.0 |
               +--------+--------+--------+--------+--------+-----+--------+

Top non-repeatable levels by time:
Vaults:5: 2966 daAuts
   Elf:3: 2673 daAuts
   Zot:5: 2102 daAuts
   Elf:2: 1846 daAuts
   Zot:1: 1694 daAuts
Vaults:4: 1686 daAuts
Spider:3: 1633 daAuts
  Lair:3: 1563 daAuts
 Crypt:3: 1557 daAuts
Vaults:2: 1542 daAuts
Depths:2: 1508 daAuts
Vaults:1: 1491 daAuts
     D:9: 1485 daAuts
Vaults:3: 1449 daAuts
    D:14: 1414 daAuts
